 Dungeon Crawl Stone Soup version 0.31-a0-1009-g454b1f1 (webtiles) character file.

Game seed: 7707057801996935560

2356 Partyfoot the Grappler (level 9, -6/57 (67) HPs)
             Began as a Demonspawn Shapeshifter on Nov 14, 2023.
             Was a Follower of Wu Jian.
             Mangled by Jeremiah
             ... wielding a +4 trident of draining
              (9 damage)
             ... on level 7 of the Dungeon.
             The game lasted 00:21:56 (5588 turns).

Partyfoot the Grappler (Demonspawn Shapeshifter)    Turns: 5588, Time: 00:21:56

HP:   -6/57 (67)    AC: 15    Str: 19    XL:     9   Next: 20%
MP:   9/9           EV: 16    Int: 12    God:    Wu Jian [*.....]
Gold: 381           SH:  0    Dex: 12    Spells: 8/8 levels left

rFire   . . .        w - +5 war axe of Lachrymose Absolution {drain, rCorr}
rCold   . . .        (no shield)
rNeg    . . .        s - +1 ring mail
rPois   .            (helmet currently unavailable)
rElec   .            (cloak currently unavailable)
rCorr   +            (gloves currently unavailable)
SInv    .            (boots unavailable)
Will    .....        (no amulet)
Stlth   +            u - +5 ring of evasion
HPRegen 0.29/turn    (no ring)
MPRegen 0.11/turn

%: no passive effects
@: beast-form, sanguine armoured, heavily drained
A: beast (slay +3), hooves 3, ignite blood 1, sanguine armour 2
a: Begin Untransformation, Renounce Religion


You were on level 7 of the Dungeon.
You worshipped Wu Jian.
Wu Jian was aware of your devotion.
You were a hulking beast.
You visited 2 branches of the dungeon, and saw 8 of its levels.

You collected 381 gold pieces.

Inventory:

Hand Weapons
 w - the +5 war axe of Lachrymose Absolution (weapon) {drain, rCorr}
   (You took it off a kobold on level 3 of the Dungeon)

   rCorr:     It protects you from acid and corrosion.
Missiles
 A - 8 poisoned darts
 B - a throwing net
Armour
 a - a +0 animal skin
 o - a +0 helmet
 s - a +1 ring mail (worn)
 G - a +0 chain mail
Jewellery
 u - a +5 ring of evasion (left hand)
Talismans
 c - a beast talisman (active)
 d - a flux talisman
Wands
 C - a wand of mindburst (6)
 F - a wand of acid (9)
 I - a wand of flame (22)
Scrolls
 g - 4 scrolls of teleportation
 h - a scroll of identify
 n - a scroll of enchant weapon
 q - a scroll of torment
 D - a scroll of enchant armour
Potions
 b - 2 potions of lignification
 e - 2 potions of invisibility
 f - 4 potions of curing
 l - 2 potions of degeneration
 m - 3 potions of enlightenment
 p - a potion of ambrosia {unknown}
 r - a potion of mutation {unknown}
 t - 3 potions of attraction
 z - a potion of berserk rage
 H - a potion of magic {unknown}


   Skills:
 + Level 4.9 Fighting
 - Level 1.7 Dodging
 + Level 9.3 Unarmed Combat
 + Level 5.7 Shapeshifting


You had 8 spell levels left.
You didn't know any spells.
Your spell library contained the following spells:

 Spells                   Type           Power      Damage    Failure   Level
 Poisonous Vapours        Pois/Air       0%         N/A       65%         2
 Ignite Poison            Fire/Tmut/Pois 0%         N/A       86%         3
 Mephitic Cloud           Conj/Pois/Air  0%         N/A       86%         3
 Sticky Flame             Conj/Fire      0%         2d3       99%         4
 Freezing Cloud           Conj/Ice/Air   0%         6-21      100%        5
 Ignition                 Fire           0%         3d3       100%        8


Dungeon Overview and Level Annotations

Branches:
Dungeon (7/15)             Temple (1/1) D:4

Altars:
Ashenzari
Cheibriados
Fedhas
Gozag
Hepliaklqana
Kikubaaqudgha
Okawaru
Sif Muna
Trog
Uskayaw
Wu Jian
Xom
Yredelemnul

Annotations:
D:3 Ijyb
D:7 Dowan, Duvessa, Jeremiah


Innate Abilities, Weirdness & Mutations

You are a hulking beast.
Your limbs bulge with bestial killing power. (Slay +3)
You have hooves in place of feet.
Your demonic aura sometimes causes spilled blood to erupt in flames.
When seriously injured, your blood forms thick armour. (AC +9)


Message History

Jeremiah hops!
The orc priest calls down the wrath of Beogh upon you.
Beogh smites you!
* * * LOW HITPOINT WARNING * * *
You spin to attack the butterfly, but your attack speed is too slow for a blow to land.
You feel better.
The butterfly disappears in a burst of colours!
The orc barely misses you.
The butterfly disappears in a burst of colours!
Things that are here:
a +0 dagger; a +0 robe; an orc corpse You slash the orc!
You kill the orc!
The Council accepts your kill. The orc priest barely misses you.
Things that are here:
a +0 short sword; a +0 leather armour You hit the orc priest.
You drain the orc priest. Your kick misses the orc priest.
The orc priest is heavily wounded.
The orc priest hits you but does no damage. x2
You barely miss the orc priest.
The orc priest is heavily wounded.
The orc priest misses you.
You closely miss the orc priest. You kick the orc priest.
The orc priest is severely wounded.
The orc priest begins to cast a cantrip, but forgets the words!
The orc priest closely misses you.
You barely miss the orc priest. Your kick misses the orc priest.
The orc priest is severely wounded.
The orc priest calls down the wrath of Beogh upon you.
Beogh smites you!
* * * LOW HITPOINT WARNING * * *
Jeremiah closely misses you.
You slash the orc priest!
You kill the orc priest!
The Council accepts your kill.
Jeremiah hits you from afar with a +4 trident of draining!
You die...
Jeremiah says, "O terrible one, your will is done."

.......b.
..b...#
..b.b# ..
#.).b#
....###.)..#
......bb...#
....###F####
.. #b####
#.h..#
####.# #..#
##.# #.<#
#..# ####


You could see Jeremiah.

Vanquished Creatures
  Maggie (D:6)
  Grinder (D:5)
  Sigmund (D:6)
  An ice beast (D:6)
  An orc warrior (D:6)
  3 ogres
  2 phantoms
  7 scorpions
  7 hounds
  An orc priest (D:7)
  A gnoll bouda (D:5)
  2 jellies
  3 iguanas
  2 sleepcaps (D:5)
  Jessica (D:3)
  An orc wizard (D:7)
  6 gnolls
  5 adders
  4 ufetubi
  2 worms
  4 dart slugs
  19 orcs
  11 ball pythons
  4 bats (D:1)
  7 endoplasms
  6 giant cockroaches
  9 goblins
  6 hobgoblins
  2 jackals (D:2)
  A quokka (D:3)
  5 kobolds
  9 rats
135 creatures vanquished.

Notes
Turn   | Place    | Note
-------+----------+-------------------------------------------
     0 | D:1      | Partyfoot the Demonspawn Shapeshifter began the quest for
                  | the Orb.
     0 | D:1      | Reached XP level 1. HP: 15/15 MP: 1/1
   138 | D:1      | Reached skill level 3 in Unarmed Combat
   183 | D:1      | Gained mutation: You have large cloven feet. [demonic
                  | ancestry]
   183 | D:1      | Reached XP level 2. HP: 21/21 MP: 2/2
   918 | D:2      | Reached XP level 3. HP: 26/26 MP: 3/3
  1036 | D:2      | Reached skill level 4 in Unarmed Combat
  1412 | D:2      | Found a faded altar of an unknown god.
  1591 | D:3      | Noticed Ijyb
  1695 | D:3      | Reached XP level 4. HP: 23/32 MP: 4/4
  1808 | D:3      | Noticed a phantom
  1829 | D:3      | Killed a phantom
  1830 | D:3      | Reached skill level 5 in Unarmed Combat
  1830 | D:3      | Gained mutation: You have hoof-like feet. [demonic
                  | ancestry]
  1830 | D:3      | Reached XP level 5. HP: 32/37 MP: 5/5
  1853 | D:3      | Noticed Jessica
  1858 | D:3      | Killed Jessica
  2044 | D:3      | Identified the +5 war axe of Lachrymose Absolution {drain,
                  | rCorr}
  2631 | D:4      | Reached skill level 6 in Unarmed Combat
  2665 | D:4      | Gained mutation: When seriously injured, your blood forms
                  | armour. (AC +9) [demonic ancestry]
  2665 | D:4      | Reached XP level 6. HP: 43/43 MP: 6/6
  2889 | D:4      | Found a staircase to the Ecumenical Temple.
  2895 | Temple   | Entered the Ecumenical Temple
  2984 | D:4      | Reached skill level 7 in Unarmed Combat
  2991 | D:4      | Gained mutation: Your demonic aura sometimes causes spilled
                  | blood to erupt in flames. [demonic ancestry]
  2991 | D:4      | Reached XP level 7. HP: 47/48 MP: 7/7
  3064 | D:4      | Found a broken altar of Ashenzari.
  3065 | D:4      | Found an ornate altar of the Wu Jian Council.
  3073 | D:4      | Found a shimmering blue altar of Sif Muna.
  3080 | D:4      | Became a worshipper of the Wu Jian Council
  3206 | D:5      | Entered Level 5 of the Dungeon
  3473 | D:5      | Reached skill level 8 in Unarmed Combat
  3609 | D:5      | Gained mutation: You have hooves in place of feet. [demonic
                  | ancestry]
  3609 | D:5      | Reached XP level 8. HP: 50/54 MP: 8/8
  3660 | D:5      | Noticed Grinder
  3679 | D:5      | Killed Grinder
  4070 | D:6      | Reached * piety under Wu Jian
  4104 | D:6      | Identified the +0 hand axe "Seamer" {venom, rElec Int+3
                  | Stlth+}
  4291 | D:6      | Noticed Sigmund
  4300 | D:6      | Killed Sigmund
  4301 | D:6      | Reached skill level 5 in Shapeshifting
  4487 | D:6      | Noticed Maggie
  4500 | D:6      | Killed Maggie
  4501 | D:6      | Reached skill level 9 in Unarmed Combat
  4501 | D:6      | Gained mutation: When seriously injured, your blood forms
                  | thick armour. (AC +9) [demonic ancestry]
  4501 | D:6      | Reached XP level 9. HP: 60/66 MP: 9/9
  5297 | D:7      | Noticed Duvessa
  5297 | D:7      | Noticed Dowan
  5551 | D:7      | Noticed Jeremiah
  5576 | D:7      | HP: 1/57 [orc priest/divine providence (12)]
  5587 | D:7      | HP: 2/57 [orc priest/divine providence (13)]
  5588 | D:7      | Mangled by Jeremiah

Illustrated notes

Levels and vault maps discovered:
D:1:      sevenhm_arrival_forest_fort_large_2, layout_loops_corners
D:2:      layout_rooms, shapermc_ecumenical_altar_ellora, basic_altar,
          minmay_crystal_water
D:3:      layout_rooms, uniq_ijyb, uniq_jessica
D:4:      minmay_general_purpose_star, layout_rooms, minitemple,
          minmay_temple_entry_trees
D:5:      layout_rooms, minmay_misc_feat_roman, uniq_grinder
D:6:      layout_basic, amethyst_killhole, uniq_sigmund, uniq_maggie
D:7:      layout_basic, elyvilon_altar_4, gammafunk_ghost_abyssal_escape,
          uniq_menkaure, uniq_prince_ribbit1, uniq_jeremiah, uniq_duvessa
Temple:   nicolae_temple_two_arcs

Skill      XL: |  1  2  3  4  5  6  7  8 |
---------------+-------------------------+-----
Unarmed Combat | 3 4 5 6 7 8 9 |  9.3
Shapeshifting  | 4 5 |  5.7
Fighting       | 4 |  4.9
Dodging        | |  1.7

Action                     |  1- 3 |  4- 6 |  7- 9 || total
---------------------------+-------+-------+-------++-------
  Melee: Unarmed           |   103 |    35 |       ||   138
         Punch             |     2 |     2 |     7 ||    11
         Kick              |    14 |    23 |    32 ||    69
         War axe           |       |    67 |   148 ||   215
Ability: Begin Untransform |     1 |       |       ||     1
         Lunge             |       |       |     6 ||     6
         Whirlwind         |       |       |     2 ||     2
    Use: Potion            |       |       |     2 ||     2
         Scroll            |       |       |    18 ||    18
   Stab: Sleeping          |     2 |       |       ||     2
 Armour: Animal skin       |    43 |       |       ||    43
         Ring mail         |     3 |    40 |    87 ||   130
         Skin              |       |       |    13 ||    13
  Dodge: Dodged            |    53 |    84 |   125 ||   262
         Form:             |     1 |       |       ||     1
         Beast             |     1 |       |       ||     1
         Flux              |     1 |       |       ||     1

Table legend: (Time is in decaauts)
 A = Elapsed time spent in this place.
 B = Non-inter-level travel time spent in this place.
 C = Inter-level travel time spent in this place.
 D = Time resting spent in this place.
 E = Time spent auto-exploring this place.
 F = Levels seen in this place.
 G = Mean time per level.
                   A        B        C        D        E       F      G
               +--------+--------+--------+--------+--------+-----+--------+
         Total |   5681 |   5304 |    377 |    556 |   3552 |   8 |  710.1 |
       Dungeon |   5645 |   5302 |    343 |    556 |   3552 |   7 |  806.4 |
        Temple |     35 |      1 |     34 |      0 |      0 |   1 |   35.0 |
               +--------+--------+--------+--------+--------+-----+--------+

Top non-repeatable levels by time:
     D:6: 1425 daAuts
     D:1: 906 daAuts
     D:5: 885 daAuts
     D:3: 831 daAuts
     D:2: 784 daAuts
     D:4: 676 daAuts
     D:7: 136 daAuts
  Temple: 35 daAuts
